 Dungeon Crawl Stone Soup version 0.26-a0-540-g8a0c9464d7 (webtiles) character file.

Game seed: 17824249589084344282

21775 Gorglomux the Cleaver (level 12, 0/107 HPs)
             Began as a Palentonga Fighter on Aug 21, 2020.
             Was a Follower of Uskayaw.
             Slain by a komodo dragon (3 damage)
             ... on level 10 of the Dungeon.
             The game lasted 00:31:37 (19390 turns).

Gorglomux the Cleaver (Palentonga Fighter)         Turns: 19390, Time: 00:31:37

Health: 0/107      AC: 16    Str: 27    XL:     12   Next: 57%
Magic:  18/18      EV:  4    Int: 13    God:    Uskayaw [*.....]
Gold:   167        SH: 11    Dex:  9    Spells: 11/11 levels left

rFire    + . .     SeeInvis +   a - +0 war axe
rCold    + . .     Faith    .   c - +2 kite shield
rNeg     . . .     Spirit   .   A - +2 chain mail {rC+}
rPois    .         Reflect  .   (no helmet)
rElec    .         Harm     .   (no cloak)
rCorr    .                      p - +2 pair of gloves {archery}
MR       .....                  (boots restricted)
Stlth    ..........             (no amulet)
HPRegen  0.27/turn              f - ring of protection from fire
MPRegen  0.16/turn              C - +6 ring of strength

@: no status effects
A: large, rugged brown scales 3, see invisible, deformed body, roll, armoured
tail
a: Rolling Charge, Stomp, Renounce Religion


You were on level 10 of the Dungeon.
You worshipped Uskayaw.
Uskayaw was aware of your devotion.
You visited 3 branches of the dungeon, and saw 14 of its levels.
You also visited: Sewer.

You collected 543 gold pieces.
You spent 376 gold pieces at shops.

Inventory:

Hand Weapons
 a - a +0 war axe (weapon)
 b - a +1 flail of draining
 z - a +0 broad axe
Missiles
 Z - 4 throwing nets
Armour
 c - a +2 kite shield (worn)
 h - a +0 plate armour
 p - a +2 pair of gloves of archery (worn)
 A - a +2 chain mail of cold resistance (worn)
Magical Staves
 g - an uncursed staff of poison {!a, unknown}
Jewellery
 f - a ring of protection from fire (left hand)
 t - a cursed -4 ring of slaying {unknown}
 C - a +6 ring of strength (right hand)
 G - an uncursed ring of resist corrosion {unknown}
Wands
 e - a wand of polymorph (12)
 r - a wand of disintegration (12)
 E - a wand of enslavement (6)
 I - a wand of iceblast (11)
 P - a wand of paralysis (31)
Scrolls
 m - 2 scrolls of enchant armour
 M - a scroll of magic mapping
 R - a scroll of identify
 T - 7 scrolls of teleportation
 W - 2 scrolls of remove curse
Potions
 d - 6 potions of might
 i - a potion of invisibility
 k - 6 potions of brilliance
 l - 3 potions of flight
 o - 2 potions of mutation
 q - a potion of cancellation
 u - a potion of stabbing
 v - 5 potions of magic
 x - 2 potions of resistance
 D - a potion of berserk rage {unknown}
 Q - a potion of curing
Miscellaneous
 j - a condenser vane (inert)
 F - a condenser vane (inert)


   Skills:
 + Level 11.1 Fighting
 + Level 12.0 Axes
 + Level 9.8 Armour
 - Level 2.4 Shields
 - Level 9.0 Invocations


You had 11 spell levels left.
You didn't know any spells.
Your spell library contained the following spells:

 Spells                   Type           Power        Failure   Level
 Foxfire                  Conj/Fire      #...         99%         1
 Summon Small Mammal      Summ           #...         99%         1
 Call Imp                 Summ           #.......     100%        2
 Call Canine Familiar     Summ           #.......     100%        3
 Summon Guardian Golem    Hex/Summ       #.......     100%        3
 Cause Fear               Hex            #.........   100%        4
 Leda's Liquefaction      Hex/Erth       #.........   100%        4
 Sticky Flame             Conj/Fire      #.......     100%        4
 Summon Ice Beast         Ice/Summ       #.......     100%        4
 Summon Lightning Spire   Summ/Air       #.......     100%        4
 Metabolic Englaciation   Hex/Ice        #.........   100%        5
 Silence                  Hex/Air        #.........   100%        5
 Yara's Violent Unravell  Hex/Tmut       #.........   100%        5
 Invisibility             Hex            #.......     100%        6
 Discord                  Hex            #.........   100%        8


Dungeon Overview and Level Annotations

Branches:
Dungeon (12/15)            Temple (1/1) D:5            Lair (1/6) D:10
    Orc (0/2) D:11          Sewer (visited)

Altars:
Ashenzari
Cheibriados
Dithmenos
Fedhas
Gozag
Hepliaklqana
Kikubaaqudgha
Makhleb
Nemelex Xobeh
Okawaru
Qazlal
Ru
Sif Muna
Trog
Uskayaw
Vehumet
Wu Jian
Xom
Yredelemnul
Zin
Beogh

Shops:
D:9 *

Annotations:
D:7 1 runed translucent door
D:9 2 transporters, slayr's ghost, novice TrCK


Innate Abilities, Weirdness & Mutations

You are completely covered in rugged brown scales. (AC +3, +7% HP)
You have supernaturally acute eyesight. (SInv)
Armour fits poorly on your strangely shaped body.
You can roll at foes to attack.
You have a long armoured tail.


Message History

The komodo dragon bites you but does no damage.
Okay, then.
You barely miss the komodo dragon.
The komodo dragon is lightly wounded.
The komodo dragon hisses menacingly.
The komodo dragon bites you!
* * * LOW HITPOINT WARNING * * *
A komodo dragon comes into view.
You are too injured to fight recklessly!
The komodo dragon hisses angrily.
A komodo dragon comes into view.
You see here a komodo dragon corpse.
The komodo dragon hisses menacingly.
The komodo dragon hisses menacingly.
There is a staircase back to the Dungeon here.
The komodo dragon bites you!!
* * * LOW HITPOINT WARNING * * *
You climb upwards.
Welcome back to the Dungeon!
There is a staircase to the Lair here.
Okay, then.
Evoke which item? (* to show all) (? for menu, Esc to quit)
Aiming: Paralyse
Press: ? - help, Shift-Dir - straight line, f - komodo dragon
Aim: a komodo dragon (lightly wounded, chance to defeat MR: 28%)
Okay, then.
Okay, then.
Okay, then.
Okay, then.
Evoke which item? (* to show all) (? for menu, Esc to quit)
Aiming: Paralyse
Press: ? - help, Shift-Dir - straight line, f - komodo dragon
Aim: a komodo dragon (lightly wounded, chance to defeat MR: 28%)
Okay, then.
Okay, then.
Press: ? - help, v - describe, . - travel
Here: a komodo dragon (lightly wounded)
The floor.
You feel better. You block the komodo dragon's attack.
Firing (i - inventory) No suitable missiles.
Press: ? - help, Shift-Dir - straight line, f - komodo dragon
Aim: a komodo dragon (lightly wounded)
Okay, then.
Evoke which item? (* to show all) (? for menu, Esc to quit)
Okay, then.
Okay, then.
The komodo dragon hisses menacingly.
The komodo dragon bites you!
* * * LOW HITPOINT WARNING * * *
The komodo dragon bites you.
You die...

.........................># #.
####.####................#######.
......# ##.........).............
####..# #.#.####################
#.....# #.#......# #.#...#
#.#.####.# #.#...# #........#
..#...# ###<###.## ..#...# ###
#@## ..#...# #.l# ..#...# ##>#
#.#...# ### #.....# .<..).#
......# ......# ..#...#


You could see a komodo dragon.

Vanquished Creatures
  Harold (D:8)
  3 two-headed ogres (D:11)
  2 phantasmal warriors (D:12)
  Pikel (D:5)
  2 cyclopes
  2 ugly things (D:12)
  2 black mambas (Lair:1)
  A cane toad (Lair:1)
  A freezing wraith (D:12)
  3 komodo dragons
  A troll (D:11)
  Prince Ribbit (D:8)
  2 hippogriffs
  2 wraiths
  A wyvern (D:12)
  28 yaks
  6 humans (D:7)
  Grum (D:8)
  A steam dragon (D:12)
  3 water moccasins
  Duvessa (D:5)
  3 ice beasts
  6 orc warriors
  4 sky beasts
  3 ogres
  A phantom (D:8)
  5 wolves
  10 centaurs
  2 crocodiles
  A lemure (D:5)
  A big kobold (D:9)
  9 bullfrogs
  Dowan (D:5)
  A wyvern skeleton (D:12)
  20 killer bees
  6 scorpions
  9 howler monkeys
  A bullfrog zombie (D:12)
  A quasit (D:8)
  11 hounds
  6 jellies
  11 orc priests
  2 centaur skeletons
  17 orc wizards
  4 bullfrog skeletons
  Jessica (D:7)
  4 iguanas
  Ijyb (D:5)
  13 worker ants
  A hound zombie (D:10)
  A worker ant zombie (D:8)
  20 adders
  6 gnolls
  6 white imps
  2 ufetubi
  3 oozes
  An adder zombie (D:8)
  An adder skeleton (D:6)
  4 worms
  A dart slug (D:2)
  5 leopard geckos
  64 orcs
  8 giant cockroaches
  9 goblins
  8 hobgoblins
  10 jackals
  3 quokkas
  3 ball pythons
  10 bats
  9 frilled lizards
  27 kobolds
  18 rats
439 creatures vanquished.

Vanquished Creatures (others)
  A fungus (Lair:1)
1 creature vanquished.

Grand Total: 440 creatures vanquished

Notes
Turn   | Place    | Note
-------+----------+-------------------------------------------
     0 | D:1      | Gorglomux the Palentonga Fighter began the quest for the
                  | Orb.
     0 | D:1      | Reached XP level 1. HP: 19/19 MP: 1/1
   212 | D:1      | Reached XP level 2. HP: 24/25 MP: 2/2
   247 | D:1      | Reached skill level 3 in Axes
   631 | D:1      | Reached XP level 3. HP: 15/31 MP: 3/3
  1194 | D:1      | Reached skill level 4 in Axes
  1584 | D:2      | Reached XP level 4. HP: 36/37 MP: 4/4
  2150 | D:2      | Found a faded altar of an unknown god.
  2403 | D:2      | Found a sparkling altar of Nemelex Xobeh.
  2557 | D:3      | Reached skill level 5 in Axes
  2850 | D:3      | Reached XP level 5. HP: 43/43 MP: 5/5
  3493 | D:3      | Found an ornate altar of the Wu Jian Council.
  3578 | D:4      | Found a glowing drain.
  3605 | Sewer    | Entered a sewer
  3717 | Sewer    | Reached skill level 6 in Axes
  4179 | Sewer    | Reached XP level 6. HP: 50/50 MP: 6/6
  4497 | D:4      | Reached skill level 3 in Armour
  4809 | D:4      | Found a radiant altar of Vehumet.
  4809 | D:4      | Found an iron altar of Okawaru.
  4854 | D:5      | Entered Level 5 of the Dungeon
  5292 | D:5      | Found a staircase to the Ecumenical Temple.
  5320 | Temple   | Entered the Ecumenical Temple
  5492 | Temple   | Became a worshipper of Uskayaw the Reveler
  5523 | D:5      | Reached * piety under Uskayaw
  5526 | D:5      | Reached ** piety under Uskayaw
  5529 | D:5      | Reached *** piety under Uskayaw
  5581 | D:5      | Noticed Duvessa
  5581 | D:5      | Noticed Dowan
  5607 | D:5      | Killed Duvessa
  5607 | D:5      | Reached skill level 7 in Axes
  5607 | D:5      | Reached XP level 7. HP: 13/55 MP: 3/7
  5617 | D:5      | Killed Dowan
  5932 | D:5      | Noticed Pikel
  5963 | D:5      | Killed Pikel
  5963 | D:5      | Reached skill level 3 in Invocations
  5963 | D:5      | Reached XP level 8. HP: 40/64 MP: 7/10
  6192 | D:5      | Noticed Ijyb
  6220 | D:5      | Killed Ijyb
  6596 | D:5      | Identified Riazigip's Catalogue of Ignition and Execration
  6686 | D:6      | Noticed a komodo dragon
  7092 | D:6      | Reached **** piety under Uskayaw
  7713 | D:6      | Reached XP level 9. HP: 64/73 MP: 12/12
  7856 | D:6      | Found a shimmering blue altar of Sif Muna.
  7903 | D:6      | Reached skill level 6 in Fighting
  8312 | D:6      | Killed a komodo dragon
  8312 | D:6      | Reached skill level 8 in Axes
  8636 | D:6      | Reached skill level 6 in Armour
  8755 | D:7      | Found a runed translucent door.
  9102 | D:7      | Found a blossoming altar of Fedhas.
  9539 | D:7      | Found a radiant altar of Vehumet.
  9742 | D:7      | Found a runed translucent door.
  9742 | D:7      | Found a runed translucent door.
  9742 | D:7      | Found a runed translucent door.
  9948 | D:7      | Noticed Jessica
  9954 | D:7      | Reached skill level 9 in Axes
  9962 | D:7      | Killed Jessica
  9962 | D:7      | Reached XP level 10. HP: 49/84 MP: 4/13
  9966 | D:7      | Reached ***** piety under Uskayaw
 10509 | D:7      | Found a runed translucent door.
 10547 | D:7      | Found a runed translucent door.
 10630 | D:8      | Found a burning altar of Makhleb.
 10637 | D:8      | Noticed Prince Ribbit
 10648 | D:8      | Killed Prince Ribbit
 10683 | D:8      | Found a shadowy altar of Dithmenos.
 10692 | D:8      | Found a hazy altar of Hepliaklqana.
 10711 | D:8      | Noticed Grum
 12131 | D:8      | Killed Grum
 12131 | D:8      | Reached skill level 10 in Axes
 12831 | D:8      | Found a snail-covered altar of Cheibriados.
 13092 | D:9      | Noticed Harold
 13136 | D:8      | Killed Harold
 13136 | D:8      | Reached skill level 9 in Fighting
 13458 | D:9      | Found Vuutor's General Store.
 13461 | D:9      | Bought a wand of paralysis (8) for 160 gold pieces
 13461 | D:9      | Bought a scroll of teleportation for 48 gold pieces
 13461 | D:9      | Bought a scroll of torment for 120 gold pieces
 13461 | D:9      | Bought a scroll of teleportation for 48 gold pieces
 13823 | D:9      | Reached XP level 11. HP: 90/95 MP: 15/15
 13886 | D:9      | Found a transporter.
 14025 | D:9      | Found a transporter.
 14025 | D:9      | Noticed slayr's ghost (novice TrCK)
 14025 | D:9      | Noticed a six-headed hydra
 14026 | D:9      | Noticed a centaur warrior
 14172 | D:10     | Entered Level 10 of the Dungeon
 14216 | D:10     | Noticed a two-headed ogre
 14290 | D:10     | Reached skill level 6 in Invocations
 14900 | D:10     | Found a staircase to the Lair.
 15782 | D:11     | Found a staircase to the Orcish Mines.
 15881 | D:11     | Noticed a two-headed ogre
 16537 | D:11     | Killed a two-headed ogre
 16724 | D:11     | Noticed a two-headed ogre
 16765 | D:11     | Reached skill level 11 in Axes
 16776 | D:11     | Killed a two-headed ogre
 16959 | D:11     | Found a roughly hewn altar of Beogh.
 16974 | D:11     | Noticed a two-headed ogre
 16985 | D:11     | Killed a two-headed ogre
 16988 | D:11     | Reached skill level 9 in Armour
 17453 | D:12     | Noticed a green ugly thing
 17470 | D:12     | Killed a green ugly thing
 17735 | D:12     | Noticed a phantasmal warrior
 17736 | D:12     | Noticed a white ugly thing
 17744 | D:12     | Noticed a phantasmal warrior
 17748 | D:12     | Reached XP level 12. HP: 58/104 MP: 11/18
 17804 | D:12     | Reached ****** piety under Uskayaw
 18406 | D:12     | Noticed a death knight
 18838 | Lair:1   | Entered Level 1 of the Lair of Beasts
 18934 | Lair:1   | Reached skill level 9 in Invocations
 19129 | Lair:1   | Noticed an eight-headed hydra
 19269 | Lair:1   | Reached skill level 12 in Axes
 19389 | D:10     | HP: 3/107 [komodo dragon (16)]
 19390 | D:10     | Slain by a komodo dragon

Illustrated notes

Levels and vault maps discovered:
D:1:      dpeg_arrival_long_road, layout_basic
D:2:      layout_basic, nemelex_altar_shiori, chequers_ecumenical_altar_simple
D:3:      layout_basic, marbit_many_paths, chequers_serial_rivers_small_b,
          minmay_liquid_box, hangedman_decor_push, hex_intersection
D:4:      layout_gridville, gammafunk_temple_overflow_elements,
          portal_sewer_entry_a, dk_noncrumbling_3
D:5:      layout_gridville, minmay_temple_entry_arrows, uniq_ijyb, uniq_pikel,
          uniq_duvessa
D:6:      layout_layer_cave, lemuel_round_altar
D:7:      erik_cavepeople, layout_basic, fedhas_altar_fruit_tree, basic_altar
D:8:      layout_rooms, gammafunk_temple_overflow_forgotten, serial_rivers,
          chequers_serial_rivers_large_a, chequers_serial_rivers_marsh,
          chequers_serial_rivers_room_a, chequers_serial_rivers_micro_b,
          chequers_serial_rivers_micro_c, chequers_serial_rivers_micro_d,
          makhleb_heckhound_becter, uniq_grum, uniq_prince_ribbit1
D:9:      layout_roguey, serial_shops, kennysheep_mini_moat,
          gammafunk_ghost_arena, uniq_harold
D:10:     layout_basic, lair_entry_dummy
D:11:     minmay_recursive_quarters, layout_long_grid,
          minmay_orc_entry_temple_small
D:12:     layout_rooms, enter_bailey_3
Temple:   nicolae_temple_figure_eight
Lair:1:   layout_chaotic_city, beast_lair_carwin_10, grunt_megastairs_3

Skill      XL: |  1  2  3  4  5  6  7  8  9 10 11 12 |
---------------+-------------------------------------+-----
Axes           | 3 4 5 6 7 9 10 11 12 | 12.0
Armour         | 4 5 6 8 9 |  9.8
Fighting       | 4 5 7 9 10 11 | 11.1
Invocations    | 3 5 8 9 |  9.0
Shields        | |  2.4

Action                   |  1- 3 |  4- 6 |  7- 9 | 10-12 || total
-------------------------+-------+-------+-------+-------++-------
Melee: War axe           |   124 |   243 |   232 |   675 ||  1274
       Tailslap          |    17 |    27 |    35 |   119 ||   198
       Dagger            |       |    28 |       |       ||    28
       Broad axe         |       |       |     9 |       ||     9
       Unarmed           |       |       |     9 |       ||     9
Invok: Line Pass         |       |     1 |    10 |    17 ||    28
       Stomp             |       |       |     4 |    25 ||    29
       Grand Finale      |       |       |       |     1 ||     1
 Abil: Rolling Charge    |    14 |    31 |    30 |    85 ||   160
Evoke: Wand              |       |       |     6 |     6 ||    12
       Condenser vane    |       |       |       |     3 ||     3
  Use: Scroll            |       |     3 |    10 |    14 ||    27
       Potion            |       |     1 |     2 |     5 ||     8
 Stab: Paralysed         |       |     2 |    17 |    56 ||    75
       Confused          |       |       |     1 |     4 ||     5
Armor: Scale mail        |    88 |    43 |       |       ||   131
       Chain mail        |       |   136 |   128 |   441 ||   705
       Skin              |       |       |     2 |       ||     2
Dodge: Dodged            |    37 |    37 |    40 |   108 ||   222
Block: Kite shield       |    70 |   151 |   112 |   399 ||   732

Table legend: (Time is in decaauts)
 A = Elapsed time spent in this place.
 B = Non-inter-level travel time spent in this place.
 C = Inter-level travel time spent in this place.
 D = Time resting spent in this place.
 E = Time spent auto-exploring this place.
 F = Levels seen in this place.
 G = Mean time per level.
                   A        B        C        D        E       F      G
               +--------+--------+--------+--------+--------+-----+--------+
         Total |  19655 |  18984 |    671 |   5471 |  10440 |  15 | 1310.3 |
       Dungeon |  18316 |  17722 |    594 |   5309 |   9603 |  12 | 1526.3 |
        Temple |    191 |    142 |     49 |      0 |    140 |   1 |  191.0 |
          Lair |    505 |    478 |     27 |      0 |    360 |   1 |  505.0 |
         Sewer |    642 |    642 |      0 |    162 |    337 |   1 |  642.0 |
               +--------+--------+--------+--------+--------+-----+--------+

Top non-repeatable levels by time:
     D:7: 3523 daAuts
    D:11: 2731 daAuts
     D:5: 2161 daAuts
     D:6: 1591 daAuts
     D:1: 1436 daAuts
    D:10: 1306 daAuts
     D:2: 1147 daAuts
     D:3: 1067 daAuts
     D:8: 1055 daAuts
     D:9: 942 daAuts
     D:4: 699 daAuts
    D:12: 653 daAuts
   Sewer: 642 daAuts
  Lair:1: 505 daAuts
  Temple: 191 daAuts
